 Dungeon Crawl Stone Soup version 0.29.0-4-gdea44cf6ec (webtiles) character file.

Game seed: 16774431291370300625

965 qw the Cleaver (level 8, -3/46 HPs)
             Began as a Tengu Warper on Aug 28, 2022.
             Slain by a yak (6 damage)
             ... on level 5 of the Dungeon.
             The game lasted 00:00:26 (3702 turns).

qw the Cleaver (Tengu Warper)                       Turns: 3702, Time: 00:00:26

Health: -3/46      AC:  9    Str: 12 (13) XL:     8   Next: 15%
Magic:  21/21      EV: 12    Int:  5 (11) God:
Gold:   238        SH:  0    Dex: 13 (14) Spells: 11/11 levels left

rFire   . . .      SeeInvis +   Y - +0 war axe
rCold   + . .      Faith    .   (no shield)
rNeg    . . .      Spirit   .   n - +4 ring mail of Pek Okh {Will+++ MP+9 Int-3 SInv}
rPois   .          Reflect  .   (helmet restricted)
rElec   .          Harm     .   (no cloak)
rCorr   .          Rampage  .   (no gloves)
Will    +++..      Clarity  +   (boots unavailable)
Stlth   +.........              h - amulet of regeneration
HPRegen 0.95/turn               (no ring)
MPRegen 0.17/turn               (no ring)

@: about to teleport, flying quickly and evasively, quick
A: beak, talons 3, nimble flight, clarity, cold resistance 1, deterioration 1
a: no special abilities


You were on level 5 of the Dungeon.
You visited 1 branch of the dungeon, and saw 5 of its levels.

You collected 238 gold pieces.


Innate Abilities, Weirdness & Mutations

You have a beak for a mouth.
You have claws for feet.
Your magical nature lets you fly swiftly and evasively.
You possess an exceptional clarity of mind.
Your flesh is cold resistant. (rC+)
Your body sometimes deteriorates upon taking damage.


   Skills:
 - Level 3.2 Fighting
 - Level 9.2 Axes
 - Level 3.0 Throwing
 - Level 1.1 Armour
 + Level 2.1 Dodging
 - Level 2.0 Spellcasting
 - Level 2.4 Translocations


You had 11 spell levels left.
You didn't know any spells.
Your spell library contained the following spells:

 Spells                   Type           Power      Damage    Failure   Level
 Blink                    Tloc           4%         N/A       50%         2
 Gell's Gravitas          Tloc           2%         N/A       75%         3
 Lesser Beckoning         Tloc           2%         N/A       75%         3
 Teleport Other           Tloc           2%         N/A       75%         3
 Manifold Assault         Tloc           2%         N/A       100%        5

Inventory:

Hand Weapons
 f - a +0 vampiric whip
 Y - a +0 war axe (weapon)
Armour
 b - a +0 pair of gloves
 n - the +4 ring mail of Pek Okh (worn) {Will+++ MP+9 Int-3 SInv}
   (You found it on level 3 of the Dungeon)

   Int:       It affects your intelligence (-3).
   MP:        It affects your magic capacity (+9).
   SInv:      It lets you see invisible.
   Will:      It greatly increases your willpower.
 p - a +0 plate armour
Jewellery
 h - an amulet of regeneration (around neck)
Scrolls
 a - a scroll of teleportation
 d - a scroll of identify
Potions
 g - 2 potions of mutation
 i - 2 potions of curing
 l - 2 potions of heal wounds {unknown}

Dungeon Overview and Level Annotations

Branches:
Dungeon (5/15)
 Temple: D:4-7

Altars:
Makhleb
Qazlal
Ru


Message History

The yak closely misses you.
You slash the yak! You claw the yak.
The yak is moderately wounded.
A yak comes into view.
The yak gores you!
A yak comes into view.
3693 ||| Stepping ~*~*~tactically~*~*~ (stealth).
The yak bellows!
You slash the yak! Your kick misses the yak.
The yak is heavily wounded.
You hear a bellow!
The yak gores you but does no damage.
A yak comes into view.
You slash the yak! You claw the yak!
The yak is almost dead.
The yak closely misses you. x2
You hit the yak. You claw the yak. You peck the yak, but do no damage.
The yak is almost dead.
The yak gores you!
You slash the yak!
You kill the yak!
You feel your dexterity returning.
Your Axes skill increases to level 9!
You have reached level 8!
You feel agile.
You hit the yak but do no damage. The yak gores you.
Your body deteriorates!
You feel weakened.
You slash the yak! You claw the yak, but do no damage.
Your peck misses the yak.
The yak is moderately wounded.
You slash the yak!
The yak is heavily wounded.
You hit the yak. The yak gores you!
Your body deteriorates!
You feel clumsy. The yak gores you!
Your body deteriorates!
You feel dopey.
3702 ||| READING 2 scrolls of teleportation.
As you read the scroll of teleportation, it crumbles to dust.
You feel strangely unstable. The yak gores you.
You die...

#.# #... #.# #.##
######## #.######.#.
#......###......#.#.
#.####.......##.#.##
#.##########.##.#...
#............##.#.##
#########....##.####
#@Y........#######
#Y##..............
#Y##.##.#..#######
h$..Y....#.......#......
.######.....#.##.#######
.#.##.#......#..)#
.#.#.....#####.#.#
..#.#.............#
Y(#.#.....#.#.....#


You could see 3 yaks.

Vanquished Creatures
  3 yaks (D:5)
  An ice beast (D:5)
  A phantom (D:2)
  A scorpion (D:4)
  A hound (D:4)
  3 iguanas
  An orc wizard (D:5)
  3 gnolls (D:3)
  5 adders
  A shadow imp (D:5)
  An ufetubus (D:4)
  2 worms
  A dart slug (D:4)
  10 orcs
  7 bats
  4 endoplasms
  A giant cockroach (D:1)
  7 goblins
  6 hobgoblins
  9 jackals
  A quokka (D:4)
  6 ball pythons
  A frilled lizard (D:1)
  6 kobolds
  8 rats
90 creatures vanquished.

Vanquished Creatures (others)
  7 plants (D:4)
7 creatures vanquished.

Grand Total: 97 creatures vanquished

Notes
Turn   | Place    | Note
-------+----------+-------------------------------------------
     0 | D:1      | qw the Tengu Warper began the quest for the Orb.
     0 | D:1      | Reached XP level 1. HP: 12/12 MP: 4/4
     0 | D:1      | 0 ||| qw: Version: 0.1-a-89-g26bdef1
     0 | D:1      | 0 ||| qw: Game counter: 3088
     0 | D:1      | 0 ||| qw: Always use a shield: true
     0 | D:1      | 0 ||| qw: God list: Okawaru
     0 | D:1      | 0 ||| qw: Allow faded altars: false
     0 | D:1      | 0 ||| qw: Do Orc after D:15 true
     0 | D:1      | 0 ||| qw: Do second Lair branch before Depths: true
     0 | D:1      | 0 ||| qw: Lair rune preference: random
     0 | D:1      | 0 ||| qw: Plans: Normal
     0 | D:1      | 0 ||| PLANNING D:1-11
   120 | D:1      | You fall into a shaft and drop 1 floor!
   121 | D:2      | 121 ||| READING scroll labelled DUCEAB NEEDEL.
   122 | D:2      | 122 ||| DROPPING scroll of blinking.
   235 | D:1      | 235 ||| Stepping ~*~*~tactically~*~*~ (stealth).
   246 | D:1      | HP: 3/12 [goblin/+0 club (4)]
   248 | D:1      | Reached skill level 3 in Axes
   248 | D:1      | Reached XP level 2. HP: 4/17 MP: 6/6
   253 | D:1      | HP: 3/17 [jackal (1)]
   997 | D:1      | 997 ||| Stepping ~*~*~tactically~*~*~ (stealth).
  1146 | D:1      | 1146 ||| UPGRADING to +0 ring mail.
  1156 | D:1      | 1156 ||| DROPPING +0 leather armour.
  1157 | D:1      | 1157 ||| UPGRADING to amulet of regeneration.
  1162 | D:1      | 1162 ||| READING scroll labelled BONAWN ATYHIUN.
  1163 | D:1      | 1163 ||| READING scroll labelled KATSOHE YWKICA.
  1164 | D:1      | 1164 ||| READING 2 scrolls labelled SIEMUREUWEU.
  1165 | D:1      | 1165 ||| READING scroll labelled XASMUI QIOMP.
  1166 | D:1      | 1166 ||| DRINKING 2 fizzy clear potions.
  1186 | D:2      | 1186 ||| STAIRDANCE
  1190 | D:1      | Reached XP level 3. HP: 21/21 MP: 7/7
  1317 | D:2      | Reached skill level 4 in Axes
  1357 | D:2      | Noticed a phantom
  1374 | D:2      | Killed a phantom
  1375 | D:2      | Reached skill level 5 in Axes
  1375 | D:2      | Reached XP level 4. HP: 25/26 MP: 8/8
  1672 | D:2      | Found a faded altar of an unknown god.
  1682 | D:2      | 1682 ||| UPGRADING to +0 scale mail.
  1692 | D:2      | 1692 ||| DROPPING +0 ring mail.
  1693 | D:2      | 1693 ||| READING scroll labelled MIUSKE IPNIU.
  1694 | D:2      | 1694 ||| READING scroll labelled AJUOSHR YBRYSED.
  1695 | D:2      | 1695 ||| READING scroll labelled XACECS WIVO.
  1696 | D:2      | 1696 ||| DRINKING 2 grey potions.
  1696 | D:2      | Gained mutation: Your body sometimes deteriorates upon
                  | taking damage. [potion of mutation]
  1696 | D:2      | Gained mutation: You possess an exceptional clarity of
                  | mind. [potion of mutation]
  1696 | D:2      | Gained mutation: Your flesh is cold resistant. (rC+)
                  | [potion of mutation]
  1739 | D:3      | Gained mutation: Your magical nature lets you fly swiftly
                  | and evasively. [Tengu growth]
  1739 | D:3      | Reached XP level 5. HP: 28/30 MP: 9/9
  1751 | D:3      | 1751 ||| Stepping ~*~*~tactically~*~*~ (stealth).
  1791 | D:3      | 1791 ||| DROPPING +0 club.
  1794 | D:3      | 1794 ||| DROPPING +0 whip.
  1844 | D:3      | 1844 ||| Stepping ~*~*~tactically~*~*~ (stealth).
  1845 | D:3      | 1845 ||| Stepping ~*~*~tactically~*~*~ (stealth).
  1980 | D:3      | Reached skill level 6 in Axes
  2012 | D:3      | 2012 ||| Stepping ~*~*~tactically~*~*~ (stealth).
  2020 | D:3      | 2020 ||| SWAPPING to +0 war axe.
  2023 | D:3      | 2023 ||| Stepping ~*~*~tactically~*~*~ (stealth).
  2024 | D:3      | 2024 ||| DROPPING +1 hand axe.
  2053 | D:3      | Identified the +4 ring mail of Pek Okh {Will+++ MP+9 Int-3
                  | SInv}
  2190 | D:3      | 2190 ||| Stepping ~*~*~tactically~*~*~ (stealth).
  2221 | D:3      | Found a burning altar of Makhleb.
  2274 | D:3      | 2274 ||| Stepping ~*~*~tactically~*~*~ (stealth).
  2579 | D:3      | 2579 ||| UPGRADING to +4 ring mail of Pek Okh {Will+++ MP+9
                  | Int-3 SInv}.
  2589 | D:3      | 2589 ||| DROPPING +0 scale mail.
  2646 | D:3      | 2646 ||| READING scroll labelled ZUFIOSTROZEMU.
  2647 | D:3      | 2647 ||| DRINKING 2 yellow potions.
  2648 | D:3      | 2648 ||| DRINKING 2 emerald potions.
  2649 | D:3      | 2649 ||| READING 2 scrolls of identify.
  2649 | D:3      | 2649 ||| IDENTIFYING blue potion
  2650 | D:3      | 2650 ||| DROPPING potion of attraction.
  2651 | D:3      | 2651 ||| DROPPING potion of ambrosia.
  2652 | D:3      | 2652 ||| DROPPING potion of degeneration.
  2762 | D:4      | Reached XP level 6. HP: 31/35 MP: 10/10
  2927 | D:4      | Reached skill level 7 in Axes
  2973 | D:4      | 2973 ||| DROPPING +0 flail.
  3202 | D:4      | 3202 ||| Stepping ~*~*~tactically~*~*~ (stealth).
  3217 | D:4      | Reached skill level 3 in Fighting
  3324 | D:4      | 3324 ||| DROPPING orb of wrath.
  3325 | D:4      | 3325 ||| READING 2 scrolls labelled EBUKHLA NUDWITRI.
  3329 | D:4      | 3329 ||| READING scroll labelled HAXUINNI TIRUO.
  3330 | D:4      | 3330 ||| READING 2 scrolls of identify.
  3330 | D:4      | 3330 ||| IDENTIFYING clear potion
  3331 | D:4      | 3331 ||| DROPPING potion of flight.
  3344 | D:5      | Entered Level 5 of the Dungeon
  3344 | D:5      | Noticed an ice beast
  3344 | D:5      | Found a stormy altar of Qazlal.
  3348 | D:5      | 3348 ||| STAIRDANCE
  3361 | D:5      | Killed an ice beast
  3362 | D:5      | Reached XP level 7. HP: 41/41 MP: 11/11
  3426 | D:5      | 3426 ||| Stepping ~*~*~tactically~*~*~ (stealth).
  3428 | D:5      | 3428 ||| Stepping ~*~*~tactically~*~*~ (hiding).
  3506 | D:5      | Found a sacrificial altar of Ru.
  3650 | D:5      | Noticed a yak
  3652 | D:5      | 3652 ||| Stepping ~*~*~tactically~*~*~ (stealth).
  3653 | D:5      | Noticed a yak
  3657 | D:5      | 3657 ||| Stepping ~*~*~tactically~*~*~ (stealth).
  3673 | D:5      | Killed a yak
  3674 | D:5      | Reached skill level 8 in Axes
  3678 | D:5      | Killed a yak
  3679 | D:5      | Reached skill level 3 in Throwing
  3684 | D:5      | Noticed a yak
  3692 | D:5      | Noticed a yak
  3692 | D:5      | Noticed a yak
  3693 | D:5      | 3693 ||| Stepping ~*~*~tactically~*~*~ (stealth).
  3694 | D:5      | Noticed a yak
  3697 | D:5      | Killed a yak
  3698 | D:5      | Reached skill level 9 in Axes
  3698 | D:5      | Reached XP level 8. HP: 26/46 MP: 12/12
  3701 | D:5      | HP: 2/46 [yak (13)]
  3702 | D:5      | 3702 ||| READING 2 scrolls of teleportation.
  3702 | D:5      | Slain by a yak

Levels and vault maps discovered:
D:1:      minmay_arrival_loop, layout_basic, kennysheep_nondescript,
          hangedman_decor_lopped
D:2:      layout_rooms, hellmonk_ecumenical_altar_prayer_group
D:3:      layout_basic, makhleb_altar_promises_db
D:4:      layout_loops_ring, serial_bayou_lagoon_b
D:5:      layout_basic, mainiacjoe_overflow_catwalk_spiral,
          kennysheep_generic_room_8, uniq_crazy_yiuf_cottage

Skill      XL: |  1  2  3  4  5  6  7 |
---------------+----------------------+-----
Axes           | 3 5 6 7 9 |  9.2
Fighting       | 3 |  3.2
Throwing       | 3 |  3.0
Armour         | |  1.1
Dodging        | |  2.1
Spellcasting   | |  2.0
Translocations | |  2.4

Action                   |  1- 3 |  4- 6 |  7- 9 || total
-------------------------+-------+-------+-------++-------
Melee: Hand axe          |    78 |    54 |       ||   132
       Kick              |    24 |    30 |    17 ||    71
       Peck              |     9 |    18 |    10 ||    37
       War axe           |       |    71 |    59 ||   130
       Punch             |       |     1 |       ||     1
Throw: Boomerang         |     7 |       |       ||     7
       Javelin           |     7 |    48 |     6 ||    61
  Use: Scroll            |     5 |     8 |     1 ||    14
       Potion            |     1 |     3 |       ||     4
Armor: Leather armour    |    18 |       |       ||    18
       Ring mail         |    11 |    38 |    13 ||    62
       Scale mail        |       |    22 |       ||    22
Dodge: Dodged            |    39 |    76 |    23 ||   138

Table legend:
 A = Non-vault XP
 B = Vault XP
 C = Vault XP percentage of total XP
 D = Non-vault monster count
 E = Vault monster count
 F = Vault count percentage of total count
                 A         B        C        D         E       F
            +---------+---------+-------+---------+---------+-------
      Total |    1373 |       6 |   0.4 |      87 |       3 |   3.3
            +---------+---------+-------+---------+---------+-------
        D:1 |      34 |       0 |   0.0 |      22 |       0 |   0.0
        D:2 |     122 |       6 |   4.7 |      11 |       3 |  21.4
        D:3 |      98 |       0 |   0.0 |      24 |       0 |   0.0
        D:4 |     267 |       0 |   0.0 |      16 |       0 |   0.0
        D:5 |     852 |       0 |   0.0 |      14 |       0 |   0.0
            +---------+---------+-------+---------+---------+-------
